| TOP OF THE 1ST |
|
Amarillo ThunderHeads batting - Pitching for Calgary Flames : RHP Phil Rankin
|
|
Pitching: RHP Phil Rankin
|
|
|
Batting: SHB Zack Barton
|
0-0: Called Strike 0-1: Ball 1-1: SINGLE (Line Drive, 5D, EV 98.8 MPH)
|
|
Batting: RHB Ron Squires
|
0-0: Ball 1-0: Called Strike 1-1: Ball 2-1: Reached on error, E5 (Groundball, 56S, EV 89.4 MPH) Zack Barton to second
|
|
Batting: LHB Santino Pisanello
|
0-0: Ball 1-0: Foul Ball, location: 2F 1-1: Foul Ball, location: 2F 1-2: Foul Ball, location: 2F 1-2: Ball 2-2: Ball 3-2: Fly out, F8 (Flyball, 8RD, EV 108.1 MPH)
|
|
Batting: RHB Elias Sagrero
|
0-0: Ball 1-0: Ball 2-0: Swinging Strike 2-1: Ball Zack Barton is caught stealing 3rd base 2-5 Ron Squires to second 3-1: Base on Balls
|
|
Batting: RHB Eric Camillo
|
0-0: Swinging Strike 0-1: Called Strike 0-2: Foul Ball, location: 2F 0-2: Ball 1-2: Strikes out swinging
|
| Top of the 1st over - 0 runs, 1 hit, 1 error, 2 left on base; Amarillo 0 - Calgary 0 |
| BOTTOM OF THE 1ST |
|
Calgary Flames batting - Pitching for Amarillo ThunderHeads : RHP Tony Gutierrez
|
|
Pitching: RHP Tony Gutierrez
|
|
|
Batting: RHB Devon Dill
|
0-0: Called Strike 0-1: Ball 1-1: Ball 2-1: Ball 3-1: Called Strike 3-2: Foul Ball, location: 2F 3-2: Foul Ball, location: 2F 3-2: Base on Balls
|
|
Batting: RHB Yuusei Narita
|
0-0: Foul Ball, location: 2F 0-1: Ball 1-1: Ball 2-1: Fly out, F9 (Line Drive, 89S, EV 110.0 MPH)
|
|
Batting: RHB Kevin Davis
|
0-0: Swinging Strike 0-1: Swinging Strike 0-2: Ball Passed Ball! Devon Dill to second 1-2: Strikes out swinging
|
|
Batting: RHB Phil McFadden
|
0-0: Ball 1-0: Foul Ball, location: 2F 1-1: SINGLE (Groundball, 25, EV 75.6 MPH) (infield hit) Devon Dill to third
|
|
Batting: RHB Alex Collazo
|
0-0: Foul Ball, location: 2F 0-1: Ball 1-1: Foul Ball, location: 2F 1-2: Ball 2-2: Foul Ball, location: 2F 2-2: Strikes out swinging
|
| Bottom of the 1st over - 0 runs, 1 hit, 0 errors, 2 left on base; Amarillo 0 - Calgary 0 |
| TOP OF THE 2ND |
|
Amarillo ThunderHeads batting - Pitching for Calgary Flames : RHP Phil Rankin
|
|
Batting: RHB Bill Flannery
|
0-0: Ball 1-0: SINGLE (Groundball, 6M, EV 107.5 MPH)
|
|
Batting: RHB John Carbonneau
|
0-0: Called Strike 0-1: SINGLE (Line Drive, 7LS, EV 102.5 MPH) Bill Flannery to second
|
|
Batting: SHB Tyler Romo
|
0-0: Foul Ball, location: 2F 0-1: Swinging Strike 0-2: Strikes out swinging
|
|
Batting: LHB Tony Gutierrez
|
0-0: Ball 1-0: Ball 2-0: Called Strike 2-1: Foul Ball, location: 2F 2-2: Ball 3-2: DOUBLE (Line Drive, 9LS, EV 101.2 MPH) Bill Flannery scores John Carbonneau to third
|
|
Batting: SHB Zack Barton
|
0-0: Ball 1-0: Called Strike 1-1: Swinging Strike 1-2: Ball 2-2: Ground out 5-3 (Groundball, 56, EV 79.4 MPH) John Carbonneau scores
|
|
Batting: RHB Ron Squires
|
0-0: SINGLE (Line Drive, 8RS, EV 105.0 MPH) Tony Gutierrez to third
|
|
Batting: LHB Santino Pisanello
|
0-0: Ball 1-0: Foul Ball, location: 2F 1-1: Foul Ball, location: 2F 1-2: Fly out, F7 (Flyball, 7D, EV 103.8 MPH)
|
| Top of the 2nd over - 2 runs, 4 hits, 0 errors, 2 left on base; Amarillo 2 - Calgary 0 |
| BOTTOM OF THE 2ND |
|
Calgary Flames batting - Pitching for Amarillo ThunderHeads : RHP Tony Gutierrez
|
|
Batting: SHB Erick Hamburger
|
0-0: Bunt missed! 0-1: Ball 1-1: SINGLE (Line Drive, 6D, EV 101.2 MPH)
|
|
Batting: RHB Antonio Martinez
|
0-0: Called Strike 0-1: Fly out, F7 (Flyball, 7S, EV 84.4 MPH)
|
|
Batting: RHB Rod Johnson
|
0-0: Called Strike 0-1: Swinging Strike 0-2: Foul Ball, location: 2F 0-2: Strikes out swinging
|
|
Batting: RHB Tyler Johnson
|
0-0: Called Strike Erick Hamburger is caught stealing 2nd base 2-4
|
| Bottom of the 2nd over - 0 runs, 1 hit, 0 errors, 0 left on base; Amarillo 2 - Calgary 0 |
| TOP OF THE 3RD |
|
Amarillo ThunderHeads batting - Pitching for Calgary Flames : RHP Phil Rankin
|
|
Batting: RHB Elias Sagrero
|
0-0: Called Strike 0-1: Swinging Strike 0-2: Ball 1-2: Foul Ball, location: 2F 1-2: Ball 2-2: DOUBLE (Line Drive, 9LM, EV 106.2 MPH)
|
|
Batting: RHB Eric Camillo
|
0-0: Ball 1-0: Ball 2-0: Swinging Strike 2-1: 2-RUN HOME RUN (Flyball, 7D, EV 109.4 MPH), Distance : 415 ft
|
|
Batting: RHB Bill Flannery
|
0-0: Swinging Strike 0-1: Fly out, F7 (Flyball, 7, EV 85.6 MPH)
|
|
Batting: RHB John Carbonneau
|
0-0: SINGLE (Line Drive, 7LS, EV 94.4 MPH)
|
|
Batting: SHB Tyler Romo
|
0-0: Called Strike 0-1: Swinging Strike 0-2: 2-RUN HOME RUN (Flyball, 9D, EV 100.0 MPH), Distance : 371 ft
|
|
Pitching: LHP Ricardo de la Torre
|
|
|
Batting: LHB Tony Gutierrez
|
0-0: Called Strike 0-1: Ball 1-1: Foul Ball, location: 2F 1-2: Foul Ball, location: 2F 1-2: Ball 2-2: Foul Ball, location: 2F 2-2: Ground out 4-3 (Groundball, 34, EV 78.8 MPH)
|
|
Batting: SHB Zack Barton
|
0-0: Called Strike 0-1: Single, Error in OF, E7, batter to second base (Line Drive, 78M, EV 100.6 MPH)
|
|
Batting: RHB Ron Squires
|
0-0: Called Strike 0-1: Swinging Strike 0-2: Ball 1-2: Ball 2-2: Ground out 6-3 (Groundball, 6M, EV 103.8 MPH)
|
| Top of the 3rd over - 4 runs, 5 hits, 1 error, 1 left on base; Amarillo 6 - Calgary 0 |
| BOTTOM OF THE 3RD |
|
Calgary Flames batting - Pitching for Amarillo ThunderHeads : RHP Tony Gutierrez
|
|
Batting: RHB Tyler Johnson
|
0-0: Called Strike 0-1: Ball 1-1: Ball 2-1: Foul Ball, location: 2F 2-2: Fly out, F9 (Line Drive, 89M, EV 86.9 MPH)
|
|
Batting: RHB Devon Dill
|
0-0: Called Strike 0-1: Ball 1-1: Swinging Strike 1-2: Ball 2-2: Foul Ball, location: 2F 2-2: Fly out, F7 (Line Drive, 7, EV 110.6 MPH)
|
|
Batting: RHB Yuusei Narita
|
0-0: Ball 1-0: Ground out 5-3 (Groundball, 56S, EV 87.5 MPH)
|
| Bottom of the 3rd over - 0 runs, 0 hits, 0 errors, 0 left on base; Amarillo 6 - Calgary 0 |
| TOP OF THE 4TH |
|
Amarillo ThunderHeads batting - Pitching for Calgary Flames : LHP Ricardo de la Torre
|
|
Batting: LHB Santino Pisanello
|
0-0: Ball 1-0: Ball 2-0: Foul Ball, location: 2F 2-1: Foul Ball, location: 2F 2-2: Foul Ball, location: 2F 2-2: Strikes out swinging
|
|
Batting: RHB Elias Sagrero
|
0-0: Ball 1-0: Ball 2-0: Called Strike 2-1: Foul Ball, location: 2F 2-2: Ball 3-2: Strikes out looking
|
|
Batting: RHB Eric Camillo
|
0-0: Ball 1-0: Foul Ball, location: 2F 1-1: Foul Ball, location: 2F 1-2: Ball 2-2: Ground out 1-3 (Groundball, 13S, EV 69.4 MPH)
|
| Top of the 4th over - 0 runs, 0 hits, 0 errors, 0 left on base; Amarillo 6 - Calgary 0 |
| BOTTOM OF THE 4TH |
|
Calgary Flames batting - Pitching for Amarillo ThunderHeads : RHP Tony Gutierrez
|
|
Batting: RHB Kevin Davis
|
0-0: Hit by Pitch
|
|
Batting: RHB Phil McFadden
|
0-0: Ball 1-0: SINGLE (Groundball, 56, EV 98.8 MPH) Kevin Davis to second
|
|
Batting: RHB Alex Collazo
|
0-0: Fly out, F4 (Line Drive, 4M, EV 66.2 MPH)
|
|
Batting: SHB Erick Hamburger
|
0-0: Called Strike 0-1: Called Strike 0-2: Ball Passed Ball! Kevin Davis to third Phil McFadden to second 1-2: Foul Ball, location: 2F 1-2: Ball 2-2: Strikes out swinging
|
|
Batting: RHB Antonio Martinez
|
0-0: Ball 1-0: Ball 2-0: Fly out, F7 (Flyball, 7S, EV 88.1 MPH)
|
| Bottom of the 4th over - 0 runs, 1 hit, 0 errors, 2 left on base; Amarillo 6 - Calgary 0 |
| TOP OF THE 5TH |
|
Amarillo ThunderHeads batting - Pitching for Calgary Flames : LHP Ricardo de la Torre
|
|
Batting: RHB Bill Flannery
|
0-0: Foul Ball, location: 2F 0-1: Ball 1-1: Ball 2-1: Foul Ball, location: 2F 2-2: Ball 3-2: Base on Balls
|
|
Batting: RHB John Carbonneau
|
0-0: Ball 1-0: SINGLE (Flyball, 4D, EV 89.4 MPH) Bill Flannery to second
|
|
Batting: SHB Tyler Romo
|
0-0: Ball 1-0: Ball 2-0: Called Strike 2-1: Ball 3-1: Foul Ball, location: 2F 3-2: Foul Ball, location: 2F 3-2: Strikes out swinging
|
|
Pitching: LHP Trevor Lewis
|
|
|
Batting: LHB Tony Gutierrez
|
0-0: Ball 1-0: Called Strike 1-1: Swinging Strike 1-2: Ball 2-2: Strikes out swinging
|
|
Batting: SHB Zack Barton
|
0-0: Ball 1-0: Ball 2-0: Called Strike 2-1: Ball 3-1: Called Strike 3-2: Base on Balls Bill Flannery to third John Carbonneau to second
|
|
Batting: RHB Ron Squires
|
0-0: Ball 1-0: Ball 2-0: Foul Ball, location: 2F 2-1: SINGLE (Groundball, 6MD, EV 102.5 MPH) Bill Flannery scores John Carbonneau to third Zack Barton to second Runner from 3rd tries for Home, SAFE, throw by CF to home
|
|
Batting: LHB Santino Pisanello
|
0-0: Foul Ball, location: 2F 0-1: Ball 1-1: Ball Wild Pitch! Zack Barton to third Ron Squires to second 2-1: Ground out 1-3 (Groundball, 13S, EV 64.4 MPH)
|
| Top of the 5th over - 2 runs, 2 hits, 0 errors, 2 left on base; Amarillo 8 - Calgary 0 |
| BOTTOM OF THE 5TH |
|
Calgary Flames batting - Pitching for Amarillo ThunderHeads : RHP Tony Gutierrez
|
|
Batting: RHB Rod Johnson
|
0-0: Foul Ball, location: 2F 0-1: Ground out 5-3 (Groundball, 56, EV 99.4 MPH)
|
|
Batting: RHB Tyler Johnson
|
0-0: Called Strike 0-1: Foul Ball, location: 2F 0-2: Foul Ball, location: 2F 0-2: Ball 1-2: Strikes out swinging
|
|
Batting: RHB Devon Dill
|
0-0: Called Strike 0-1: Ball 1-1: Ball 2-1: Swinging Strike 2-2: Strikes out looking
|
| Bottom of the 5th over - 0 runs, 0 hits, 0 errors, 0 left on base; Amarillo 8 - Calgary 0 |
| TOP OF THE 6TH |
|
Amarillo ThunderHeads batting - Pitching for Calgary Flames : LHP Trevor Lewis
|
|
Batting: RHB Elias Sagrero
|
0-0: Ball 1-0: Foul Ball, location: 2F 1-1: Ball 2-1: Called Strike 2-2: Ball 3-2: Base on Balls
|
|
Batting: RHB Eric Camillo
|
0-0: Called Strike 0-1: Fly out, F9 (Flyball, 89M, EV 92.5 MPH)
|
|
Batting: RHB Bill Flannery
|
0-0: 2-RUN HOME RUN (Flyball, 7LD, EV 95.6 MPH), Distance : 360 ft
|
|
Batting: RHB John Carbonneau
|
0-0: Called Strike 0-1: Called Strike 0-2: Ground out 5-3 (Groundball, 56S, EV 83.1 MPH)
|
|
Batting: SHB Tyler Romo
|
0-0: Called Strike 0-1: Called Strike 0-2: Ball 1-2: Foul Ball, location: 2F 1-2: Ball 2-2: Ground out 5-3 (Groundball, 5, EV 80.6 MPH)
|
| Top of the 6th over - 2 runs, 1 hit, 0 errors, 0 left on base; Amarillo 10 - Calgary 0 |
| BOTTOM OF THE 6TH |
|
Calgary Flames batting - Pitching for Amarillo ThunderHeads : RHP Tony Gutierrez
|
|
Batting: RHB Yuusei Narita
|
0-0: Called Strike 0-1: Ball 1-1: Foul Ball, location: 2F 1-2: Foul Ball, location: 2F 1-2: Fly out, F9 (Flyball, 89S, EV 96.9 MPH)
|
|
Batting: RHB Kevin Davis
|
0-0: Ball 1-0: Foul Ball, location: 2F 1-1: Ball 2-1: Ball 3-1: Ground out 3-1 (Groundball, 34S, EV 78.8 MPH)
|
|
Batting: RHB Phil McFadden
|
0-0: Foul Ball, location: 2F 0-1: Ground out 6-3 (Groundball, 6, EV 81.2 MPH)
|
| Bottom of the 6th over - 0 runs, 0 hits, 0 errors, 0 left on base; Amarillo 10 - Calgary 0 |
| TOP OF THE 7TH |
|
Amarillo ThunderHeads batting - Pitching for Calgary Flames : LHP Trevor Lewis
|
|
Pitching: LHP Jay Bowen
|
|
|
Batting: LHB Tony Gutierrez
|
0-0: Ball 1-0: DOUBLE (Line Drive, 9LD, EV 108.8 MPH)
|
|
Batting: SHB Zack Barton
|
0-0: Ball 1-0: Called Strike 1-1: Ball 2-1: SINGLE (Groundball, 56, EV 86.2 MPH) (infield hit) Tony Gutierrez to third
|
|
Batting: RHB Ron Squires
|
0-0: Ball 1-0: Ground out 6-3 (Groundball, P, EV 89.4 MPH) Tony Gutierrez scores Zack Barton to second
|
|
Batting: LHB Santino Pisanello
|
0-0: Swinging Strike 0-1: Ball 1-1: Ground out U3 (Groundball, 3, EV 80.6 MPH) Zack Barton to third
|
|
Pinch Hitting: RHB Josh Shoemaker
|
0-0: Ball 1-0: Called Strike 1-1: Called Strike 1-2: Ball 2-2: Strikes out swinging
|
| Top of the 7th over - 1 run, 2 hits, 0 errors, 1 left on base; Amarillo 11 - Calgary 0 |
| BOTTOM OF THE 7TH |
|
Calgary Flames batting - Pitching for Amarillo ThunderHeads : RHP Tony Gutierrez
|
|
Now at 3B: Josh Shoemaker
|
|
|
Batting: RHB Alex Collazo
|
0-0: Called Strike 0-1: Ball 1-1: Ball 2-1: Ball 3-1: Called Strike 3-2: Foul Ball, location: 2F 3-2: Strikes out swinging
|
|
Batting: SHB Erick Hamburger
|
0-0: Swinging Strike 0-1: Called Strike 0-2: Strikes out swinging
|
|
Batting: RHB Antonio Martinez
|
0-0: Called Strike 0-1: Foul Ball, location: 2F 0-2: Strikes out swinging
|
| Bottom of the 7th over - 0 runs, 0 hits, 0 errors, 0 left on base; Amarillo 11 - Calgary 0 |
| TOP OF THE 8TH |
|
Amarillo ThunderHeads batting - Pitching for Calgary Flames : LHP Jay Bowen
|
|
Batting: RHB Eric Camillo
|
0-0: Ball 1-0: Ground out 5-3 (Groundball, 56, EV 81.9 MPH)
|
|
Batting: RHB Bill Flannery
|
0-0: Swinging Strike 0-1: Swinging Strike 0-2: Strikes out swinging
|
|
Batting: RHB John Carbonneau
|
0-0: Ball 1-0: Swinging Strike 1-1: Ball 2-1: Fly out, F5 (Line Drive, 5, EV 63.1 MPH)
|
| Top of the 8th over - 0 runs, 0 hits, 0 errors, 0 left on base; Amarillo 11 - Calgary 0 |
| BOTTOM OF THE 8TH |
|
Calgary Flames batting - Pitching for Amarillo ThunderHeads : RHP Tony Gutierrez
|
|
Batting: RHB Rod Johnson
|
0-0: Foul Ball, location: 2F 0-1: Called Strike 0-2: Ball 1-2: Ball 2-2: Strikes out swinging
|
|
Batting: RHB Tyler Johnson
|
0-0: Called Strike 0-1: Fly out, F7 (Line Drive, 78M, EV 96.9 MPH)
|
|
Batting: RHB Devon Dill
|
0-0: Ball 1-0: Called Strike 1-1: Ball 2-1: Foul Ball, location: 2F 2-2: Strikes out swinging
|
| Bottom of the 8th over - 0 runs, 0 hits, 0 errors, 0 left on base; Amarillo 11 - Calgary 0 |
| TOP OF THE 9TH |
|
Amarillo ThunderHeads batting - Pitching for Calgary Flames : LHP Jay Bowen
|
|
Batting: SHB Tyler Romo
|
0-0: Ball 1-0: Swinging Strike 1-1: Foul Ball, location: 2F 1-2: Strikes out looking
|
|
Batting: LHB Tony Gutierrez
|
0-0: SINGLE (Groundball, 13, EV 86.9 MPH) (infield hit)
|
|
Batting: SHB Zack Barton
|
0-0: Ball 1-0: Ball 2-0: Foul Ball, location: 2F 2-1: SINGLE (Groundball, 56S, EV 68.8 MPH) (infield hit) Tony Gutierrez to second
|
|
Batting: RHB Ron Squires
|
0-0: Ball 1-0: Ball 2-0: Called Strike 2-1: Ball 3-1: Grounds into double play, 4-6-3 (Groundball, 4M, EV 90.6 MPH)
|
| Top of the 9th over - 0 runs, 2 hits, 0 errors, 1 left on base; Amarillo 11 - Calgary 0 |
| BOTTOM OF THE 9TH |
|
Calgary Flames batting - Pitching for Amarillo ThunderHeads : RHP Tony Gutierrez
|
|
Batting: RHB Yuusei Narita
|
0-0: Called Strike 0-1: Called Strike 0-2: Ball 1-2: Foul Ball, location: 2F 1-2: SINGLE (Groundball, 4MS, EV 68.8 MPH) (infield hit)
|
|
Pitching: RHP Jerry Foster
|
|
|
Batting: RHB Kevin Davis
|
0-0: Called Strike 0-1: Ball 1-1: Swinging Strike 1-2: DOUBLE (Line Drive, 89XD, EV 101.9 MPH) Yuusei Narita to third
|
|
Pinch Runner at 2nd Jon Groseclose:
|
|
|
Batting: RHB Phil McFadden
|
0-0: Ball 1-0: Ball 2-0: Ball 3-0: Base on Balls
|
|
Batting: RHB Alex Collazo
|
0-0: Ball 1-0: Ball 2-0: Ball 3-0: Base on Balls Yuusei Narita scores Jon Groseclose to third Phil McFadden to second
|
|
Pinch Hitting: SHB Shawnie Codbucket
|
0-0: Foul Ball, location: 2F 0-1: Ball 1-1: Ball 2-1: Foul Ball, location: 2F 2-2: Ball 3-2: Foul Ball, location: 2F 3-2: Foul Ball, location: 2F 3-2: Base on Balls Jon Groseclose scores Phil McFadden to third Alex Collazo to second
|
|
Batting: RHB Antonio Martinez
|
0-0: Foul Ball, location: 2F 0-1: Called Strike 0-2: Strikes out swinging
|
|
Batting: RHB Rod Johnson
|
0-0: Ball 1-0: Fly out, F8 (Flyball, 78M, EV 91.9 MPH)
|
|
Batting: RHB Tyler Johnson
|
0-0: Ball 1-0: Swinging Strike 1-1: Called Strike 1-2: Foul Ball, location: 2F 1-2: Strikes out looking
|
| Bottom of the 9th over - 2 runs, 2 hits, 0 errors, 3 left on base; Amarillo 11 - Calgary 2 |
|